 Dungeon Crawl Stone Soup version 0.19-a0-994-g3c636f0 (webtiles) character file.

667 Leszczynek the Slasher (level 7, 0/78 HPs)
             Began as a Human Enchanter on July 17, 2016.
             Was a Follower of Okawaru.
             Slain by a gnoll
             ... wielding a +1 halberd of flaming
              (4 damage)
             ... on level 6 of the Dungeon on July 18, 2016.
             The game lasted 00:22:54 (4206 turns).

Leszczynek the Slasher (Human Enchanter)            Turns: 4206, Time: 00:22:55

Health: 0/78       AC:  8    Str: 15    XL:     7   Next: 88%
Magic:  10/10      EV: 12    Int: 16    God:    Okawaru [*.....]
Gold:   311        SH:  0    Dex: 13    Spells: 3 memorised, 5 levels left

rFire  . . .     SeeInvis .     a - +0 falchion (holy)
rCold  . . .     Gourm    .     f - +0 ring mail
rNeg   . . .     Faith    .     (no shield)
rPois  .         Spirit   .     (no helmet)
rElec  .         Dismiss  .     (no cloak)
rCorr  .         Reflect  .     (no gloves)
SustAt .         Harm     .     (no boots)
MR     .....                    (no amulet)
Stlth  ..........               (no ring)
                                y - ring of stealth

@: berserking, glowing, very quick, not resistant to hostile enchantments,
extremely unstealthy
A: icy blue scales 1, slimy green scales 1, wild magic 1
a: Heroism, Renounce Religion


You were on level 6 of the Dungeon.
You worshipped Okawaru.
Okawaru was aware of your devotion.
You were not hungry.

You visited 1 branch of the dungeon, and saw 6 of its levels.

You collected 311 gold pieces.

Inventory:

Hand Weapons
 a - a +0 falchion of holy wrath (weapon)
 b - a +0 hand crossbow
 k - a +0 short sword
 l - a +1 dagger
Missiles
 v - 4 tomahawks (quivered)
 w - 28 bolts
Armour
 f - a +0 ring mail (worn)
 u - a +1 robe
Jewellery
 o - an uncursed ring of ice
 y - a ring of stealth (left hand)
Scrolls
 e - 3 scrolls of blinking
 g - 2 scrolls of fog {unknown}
 h - a scroll of amnesia {unknown}
 n - 4 scrolls of remove curse {unknown}
 z - a scroll of immolation {unknown}
 D - a scroll of teleportation {unknown}
Potions
 j - 2 potions of ambrosia
 q - 4 potions of curing
 r - 2 potions of brilliance
 s - a potion of degeneration {unknown}
 B - a potion of lignification {unknown}
 C - a potion of invisibility
Comestibles
 d - 3 bread rations
 t - 2 meat rations
 x - a beef jerky
 A - 4 fruits


   Skills:
 + Level 3.2 Fighting
 - Level 1.0(4.0) Short Blades
 * Level 6.2(6.3) Long Blades
 - Level 3.1 Dodging
 - Level 3.0 Stealth
 - Level 2.0 Spellcasting
 - Level 3.6 Hexes


You had 5 spell levels left.
You knew the following spells:

 Your Spells              Type           Power        Failure   Level  Hunger
a - Corona                Hex            ###....      17%         1    #......
b - Confuse               Hex            ###.....     38%         3    ###....
c - Summon Butterflies    Summ           #.......     47%         1    #......


Dungeon Overview and Level Annotations

Branches:
Dungeon (6/15)             Temple (0/1) D:5

Altars:
Fedhas
Okawaru

Annotations:
D:2 Sigmund
D:6 exclusion: orc warrior


Innate Abilities, Weirdness & Mutations

You are partially covered in icy blue scales. (AC +1)
You are partially covered in slimy green scales. (AC +2)
Your spells are a little harder to cast, but a little more powerful.


Message History

There is an open door, spattered with blood here.
The gnoll shaman calls upon its god to speed up the gnoll.
The gnoll seems to speed up.
Enter note: he just heals up anything i do to him
Enter note: that's fair Unknown command.
All of the chunks of flesh in your inventory have rotted away.
The gnoll hits you from afar with a halberd of flaming!
The gnoll burns you.
The gnoll hits you from afar with a halberd of flaming!
* * * LOW HITPOINT WARNING * * *
The gnoll burns you.
* * * LOW HITPOINT WARNING * * *
A red film seems to cover your vision as you go berserk!
You feel yourself moving faster!
You feel mighty! The gnoll barely misses you.
You feel a strong urge to attack something.
The gnoll hits you with a halberd of flaming!
* * * LOW HITPOINT WARNING * * *
The gnoll burns you.
You die...

#.###.#######.# #######..........
#.#........#..# #...g.g.....#####
#.#.#.####.#.##.#.#####.....#..h.
#.#.#.#.........#.# #.....#....
#.#.#.#.##.#.####.# #.....#....
#.#.#.#.##.#.# #g# ###########
#.#.#.#....#.# #.# #
#.#.#.#......####g# #
#.#.#...........@.# #
......#.################## #
#.#.#............g.....g.# #
#.#.#...################.# #
#.#.#.<.# #.# # #...#...# #.# #
#####...# #.# # #...# #.# #
#####...# #.########


You could see a gnoll shaman and a gnoll.

Vanquished Creatures
  An ogre (D:4)
  4 hounds
  A centaur skeleton (D:4)
  2 iguanas
  3 orc wizards
  3 worker ants
  A killer bee zombie (D:5)
  A hound skeleton (D:4)
  10 adders
  A gnoll (D:6)
  An ooze (D:1)
  An adder skeleton (D:4)
  2 worms
  5 dart slugs
  9 orcs
  8 bats
  3 giant cockroaches
  6 goblins
  8 hobgoblins
  2 jackals (D:1)
  8 kobolds
  A quokka (D:4)
  A giant gecko skeleton (D:4)
  3 giant newts
  11 rats
96 creatures vanquished.

Vanquished Creatures (others)
  An orc priest (D:6)
  An orc wizard (D:6)
  An adder (D:6)
  3 orcs (D:6)
  2 jackals (D:6)
8 creatures vanquished.

Grand Total: 104 creatures vanquished

Notes
Turn   | Place    | Note
-------+----------+-------------------------------------------
     0 | D:1      | Leszczynek the Human Enchanter began the quest for the Orb.
     0 | D:1      | Reached XP level 1. HP: 13/13 MP: 3/3
   185 | D:1      | Reached XP level 2. HP: 17/20 MP: 3/5
   190 | D:1      | Reached skill level 1 in Fighting
   535 | D:1      | Reached skill level 3 in Dodging
   535 | D:1      | Reached XP level 3. HP: 19/26 MP: 6/6
   598 | D:1      | Learned a level 3 spell: Confuse
   753 | D:2      | Found an iron altar of Okawaru.
  1024 | D:2      | Noticed Sigmund
  1100 | D:2      | Gained mutation: You are partially covered in icy blue scales. (AC +1) [potion of mutation]
  1100 | D:2      | Gained mutation: You are partially covered in slimy green scales. (AC +2) [potion of mutation]
  1100 | D:2      | Gained mutation: Your spells are a little harder to cast, but a little more powerful. [potion of mutation]
  1124 | D:2      | Reached XP level 4. HP: 12/32 MP: 2/7
  1290 | D:2      | Became a worshipper of Warmaster Okawaru
  1493 | D:2      | Reached skill level 1 in Long Blades
  1861 | D:3      | Reached XP level 5. HP: 31/37 MP: 6/8
  1927 | D:3      | Reached skill level 2 in Long Blades
  2326 | D:5      | Entered Level 5 of the Dungeon
  2543 | D:4      | Noticed an ogre
  2554 | D:4      | Reached skill level 3 in Long Blades
  2605 | D:4      | HP: 1/37 [ogre/giant club (20)]
  2614 | D:4      | Killed an ogre
  2614 | D:4      | Reached skill level 4 in Long Blades
  2614 | D:4      | Reached XP level 6. HP: 27/43 MP: 6/9
  3120 | D:4      | Reached * piety under Okawaru
  3120 | D:4      | Reached skill level 2 in Fighting
  3120 | D:4      | Reached skill level 5 in Long Blades
  3120 | D:4      | Reached XP level 7. HP: 44/50 MP: 10/10
  3331 | D:5      | Learned a level 1 spell: Summon Butterflies
  3336 | D:5      | Found a blossoming altar of Fedhas.
  3391 | D:5      | Found a staircase to the Ecumenical Temple.
  3723 | D:6      | Reached skill level 3 in Fighting
  3723 | D:6      | Reached skill level 6 in Long Blades
  4196 | D:6      | he just heals up anything i do to him
  4196 | D:6      | that's fair
  4206 | D:6      | HP: 4/78 [gnoll/halberd of flaming (9)]
  4206 | D:6      | Slain by a gnoll

Vault maps used:
D:1:      dpeg_arrival_refuge
D:2:      okawaru_ov_weapons_minmay, minmay_newt_pond, uniq_sigmund
D:3:      uniq_grinder
D:4:      grunt_ministairs_9
D:5:      first_bread, hangedman_decor_points, fedhas_altar_1
D:6:      lemuel_flamethrower_2

Skill      XL: |  1  2  3  4  5  6  7 |
---------------+----------------------+-----
Fighting       | 1 2 3 |  3.2
Dodging        | 3 |  3.1
Long Blades    | 1 4 5 6 |  6.2
Short Blades   | |  1.0
Stealth        | |  3.0
Spellcasting   | |  2.0
Hexes          | |  3.6

Action                   |  1- 3 |  4- 6 |  7- 9 || total
-------------------------+-------+-------+-------++-------
Melee: Dagger            |    27 |     2 |       ||    29
       Short sword       |    84 |    10 |       ||    94
       Falchion          |       |   272 |   153 ||   425
       Punch             |       |       |     3 ||     3
 Fire: Hand crossbow     |       |       |     1 ||     1
 Cast: Corona            |    10 |    20 |    17 ||    47
       Confuse           |     4 |     4 |       ||     8
Invok: Heroism           |       |       |     2 ||     2
  Use: Potion            |     2 |     6 |     1 ||     9
       Scroll            |       |       |     4 ||     4
 Stab: Sleeping          |     1 |     1 |     1 ||     3
       Distracted        |     1 |     1 |       ||     2
       Invisible         |       |     1 |       ||     1
  Eat: Chunk             |     1 |     5 |     3 ||     9
       Bread ration      |     1 |       |       ||     1
       Pizza             |       |     1 |     1 ||     2
Armor: Robe              |    29 |    19 |       ||    48
       Ring mail         |       |    66 |    40 ||   106
Dodge: Dodged            |    82 |   135 |    65 ||   282
